General information
- name: BNet
- type: Ladder team game (AT/RT)
- host: Battle.net
- saver: LateStarter
map: DragonFalls
- players: 8
- length: 37:59
- speed: Fast
- version: 1.28 W3XP
- replay type: Public
» download(318 KB)
Players
team 1 (winner)
vinamilk (
red | 63 APM | 2392 actions | 37:58)
6 Mountain King
3 Storm Bolt
2 Thunder Clap
1 Avatar
5 Paladin
1 Divine Shield
2 Devotion Aura
2 Holy Light
» actions
| Assign group hotkey | 24 | |
| Basic commands | 9 | |
| Build / train | 159 | |
| Enter build submenu | 47 | |
| Enter hero's abilities submenu | 11 | |
| Remove unit from queue | 10 | |
| Right click | 790 | |
| Select / deselect | 757 | |
| Select group hotkey | 410 | |
| Use ability | 174 | |
2392 total
» units
| Peasant | 38 | |
| Footman | 7 | |
| Rifleman | 8 | |
| Goblin Shredder | 2 | |
| Sorceress | 3 | |
| Spell Breaker | 5 | |
| Priest | 1 | |
| Dragonhawk Rider | 3 | |
| Gryphon Rider | 5 | |
72 total
» upgrades
| Masonry | 1 | |
| Lumber Harvesting | 1 | |
| Gunpowder | 1 | |
| Long Rifles | 1 | |
| Armor | 2 | |
| Sorceress Training | 1 | |
| Swords | 2 | |
| Storm Hammers | 1 | |
10 total
» buildings
| Farm | 28 | |
| Barracks | 3 | |
| Altar of Kings | 2 | |
| Arcane Vault | 2 | |
| Scout Tower | 23 | |
| Arcane Tower | 3 | |
| Lumber Mill | 2 | |
| Town Hall | 4 | |
| Guard Tower | 17 | |
| Keep | 4 | |
| Blacksmith | 3 | |
| Arcane Sanctum | 2 | |
| Castle | 3 | |
| Gryphon Aviary | 4 | |
100 total
» build order
00:23 Farm
00:24 Farm
00:28 Farm
00:30 Farm
00:31 Farm
01:24 Barracks
01:35 Altar of Kings
01:41 Farm
02:40 Arcane Vault
02:46 Scout Tower
04:33 Arcane Tower
06:15 Lumber Mill
07:49 Town Hall
07:52 Scout Tower
07:53 Scout Tower
07:53 Scout Tower
08:22 Guard Tower
08:22 Guard Tower
08:24 Guard Tower
08:24 Guard Tower
08:24 Guard Tower
08:27 Scout Tower
08:27 Scout Tower
08:28 Guard Tower
08:31 Keep
08:31 Keep
08:35 Scout Tower
08:36 Scout Tower
08:36 Scout Tower
08:38 Scout Tower
09:44 Guard Tower
09:50 Blacksmith
10:11 Blacksmith
10:16 Scout Tower
10:17 Scout Tower
10:17 Scout Tower
10:18 Scout Tower
10:43 Guard Tower
10:43 Guard Tower
10:46 Guard Tower
10:46 Guard Tower
11:08 Farm
11:08 Farm
11:24 Barracks
11:49 Scout Tower
11:49 Scout Tower
11:57 Scout Tower
11:58 Scout Tower
12:20 Arcane Sanctum
12:22 Guard Tower
12:22 Guard Tower
12:31 Arcane Sanctum
12:49 Farm
12:50 Farm
12:51 Arcane Tower
13:50 Guard Tower
13:59 Castle
13:59 Castle
14:03 Scout Tower
14:03 Scout Tower
14:08 Guard Tower
14:08 Guard Tower
14:10 Farm
14:11 Farm
18:11 Town Hall
18:13 Scout Tower
18:13 Scout Tower
18:14 Scout Tower
18:29 Farm
18:30 Farm
21:53 Altar of Kings
21:54 Farm
21:55 Farm
21:55 Farm
24:12 Arcane Tower
26:25 Farm
26:26 Farm
26:26 Farm
26:54 Keep
26:54 Keep
27:21 Barracks
28:02 Town Hall
28:29 Farm
28:30 Farm
28:31 Farm
28:54 Arcane Vault
30:14 Blacksmith
30:54 Lumber Mill
31:54 Gryphon Aviary
31:55 Gryphon Aviary
31:57 Gryphon Aviary
32:21 Castle
32:55 Gryphon Aviary
34:06 Farm
34:06 Farm
34:07 Farm
36:06 Farm
36:07 Farm
36:46 Town Hall
» items
| Lesser Clarity Potion | 4 | |
| Scroll of Regeneration | 4 | |
| Rod of Necromancy | 1 | |
| Scroll of Town Portal | 2 | |
11 total
LateStarter (
blue | 32 APM | 1202 actions | 37:59)
6 Goblin Tinker
3 Pocket Factory
2 Engineering Upgrade
1 Robo-Goblin
» actions
| Assign group hotkey | 123 | |
| Basic commands | 60 | |
| Build / train | 12 | |
| Enter build submenu | 1 | |
| Enter hero's abilities submenu | 6 | |
| Give item / drop item | 5 | |
| Right click | 807 | |
| Select / deselect | 131 | |
| Select group hotkey | 25 | |
| Use ability | 32 | |
1202 total
» buildings
» build order
05:30 Altar of Kings
» items
| Boots of Speed | 1 | |
| Staff of Teleportation | 1 | |
| Scroll of Town Portal | 1 | |
| Lesser Clarity Potion | 1 | |
| Potion of Healing | 1 | |
5 total
Undead_gryphon (
green | 33 APM | 1256 actions | 37:58)
9 Mountain King
3 Thunder Clap
3 Storm Bolt
1 Avatar
2 Bash
» actions
| Assign group hotkey | 20 | |
| Basic commands | 73 | |
| Build / train | 101 | |
| ESC pressed | 1 | |
| Enter build submenu | 28 | |
| Enter hero's abilities submenu | 9 | |
| Give item / drop item | 4 | |
| Remove unit from queue | 3 | |
| Right click | 509 | |
| Select / deselect | 230 | |
| Select group hotkey | 172 | |
| Use ability | 106 | |
1256 total
» units
| Peasant | 14 | |
| Rifleman | 7 | |
| Siege Engine | 8 | |
| Flying Machine | 14 | |
43 total
» upgrades
| Masonry | 3 | |
| Gunpowder | 3 | |
| Armor | 1 | |
| Long Rifles | 1 | |
| Barrage | 1 | |
| Flying Machine Bombs | 2 | |
| Flak Cannons | 1 | |
12 total
» buildings
| Lumber Mill | 1 | |
| Farm | 10 | |
| Altar of Kings | 1 | |
| Arcane Vault | 2 | |
| Scout Tower | 7 | |
| Blacksmith | 1 | |
| Guard Tower | 4 | |
| Barracks | 1 | |
| Keep | 1 | |
| Workshop | 3 | |
| Castle | 1 | |
| Town Hall | 2 | |
34 total
» build order
00:41 Lumber Mill
00:53 Farm
01:03 Altar of Kings
01:53 Arcane Vault
02:03 Scout Tower
02:05 Scout Tower
02:11 Scout Tower
02:12 Scout Tower
02:25 Blacksmith
02:33 Farm
02:38 Scout Tower
02:41 Scout Tower
03:00 Guard Tower
03:15 Barracks
03:34 Farm
03:58 Scout Tower
04:00 Guard Tower
04:11 Guard Tower
04:19 Arcane Vault
04:44 Guard Tower
06:20 Keep
07:24 Farm
07:28 Farm
07:32 Farm
10:02 Workshop
10:05 Workshop
10:08 Castle
11:38 Workshop
12:17 Farm
12:19 Farm
12:21 Farm
14:20 Town Hall
14:28 Farm
37:29 Town Hall
» items
| Boots of Speed | 1 | |
| Staff of Teleportation | 1 | |
| Circlet of Nobility | 1 | |
| Scroll of Regeneration | 4 | |
| Lesser Clarity Potion | 6 | |
| Potion of Healing | 6 | |
| Scroll of Town Portal | 4 | |
| Orb of Fire | 1 | |
| Potion of Mana | 2 | |
| Orb of Corruption | 1 | |
27 total

»
BlueJayJK35 (
teal | 35 APM | 1339 actions | 37:58)
8 Crypt Lord
3 Carrion Beetles
3 Spiked Carapace
1 Locust Swarm
1 Impale
6 Death Knight
3 Death Coil
2 Unholy Aura
1 Animate Dead
» actions
| Assign group hotkey | 21 | |
| Build / train | 85 | |
| ESC pressed | 3 | |
| Enter build submenu | 27 | |
| Enter hero's abilities submenu | 15 | |
| Remove unit from queue | 4 | |
| Right click | 578 | |
| Select / deselect | 454 | |
| Select group hotkey | 100 | |
| Use ability | 51 | |
1339 total
» units
| Acolyte | 14 | |
| Ghoul | 9 | |
| Crypt Fiend | 12 | |
| Frost Wyrm | 14 | |
49 total
» upgrades
| Creature Attack | 2 | |
| Creature Carapace | 2 | |
| Web | 1 | |
| Freezing Breath | 1 | |
6 total
» buildings
| Altar of Darkness | 1 | |
| Crypt | 2 | |
| Ziggurat | 9 | |
| Graveyard | 1 | |
| Halls of the Dead | 1 | |
| Tomb of Relics | 1 | |
| Black Citadel | 1 | |
| Sacrificial Pit | 1 | |
| Boneyard | 3 | |
| Spirit Tower | 3 | |
23 total
» build order
00:08 Altar of Darkness
00:11 Crypt
00:16 Ziggurat
01:01 Ziggurat
02:00 Ziggurat
02:35 Graveyard
03:45 Crypt
04:20 Ziggurat
05:58 Halls of the Dead
06:15 Ziggurat
06:56 Tomb of Relics
08:18 Ziggurat
09:14 Ziggurat
09:22 Black Citadel
10:26 Sacrificial Pit
11:02 Ziggurat
11:24 Ziggurat
12:20 Boneyard
12:23 Boneyard
12:31 Spirit Tower
13:32 Boneyard
15:55 Spirit Tower
22:27 Spirit Tower
» items
| Scroll of Town Portal | 2 | |
| Orb of Corruption | 1 | |
| Potion of Mana | 2 | |
5 total
team 2 (loser)
GRUMPy (
pink | 142 APM | 5400 actions | 37:54)
6 Blademaster
3 Wind Walk
2 Critical Strike
1 Bladestorm
7 Shadow Hunter
3 Hex
3 Healing Wave
1 Big Bad Voodoo
» actions
| Assign group hotkey | 33 | |
| Basic commands | 50 | |
| Build / train | 93 | |
| ESC pressed | 6 | |
| Enter build submenu | 23 | |
| Enter hero's abilities submenu | 15 | |
| Give item / drop item | 3 | |
| Remove unit from queue | 1 | |
| Right click | 1999 | |
| Select / deselect | 339 | |
| Select group hotkey | 2654 | |
| Use ability | 184 | |
5400 total
» units
| Peon | 20 | |
| Wind Rider | 11 | |
| Raider | 4 | |
| Kodo Beast | 1 | |
| Troll Batrider | 4 | |
| Tauren | 1 | |
| Shaman | 1 | |
42 total
» upgrades
| Ensnare | 1 | |
| Armor | 1 | |
| Ranged Weapons | 1 | |
3 total
» buildings
| Altar of Storms | 1 | |
| Orc Burrow | 9 | |
| Voodoo Lounge | 2 | |
| Stronghold | 6 | |
| Beastiary | 2 | |
| War Mill | 2 | |
| Great Hall | 4 | |
| Fortress | 2 | |
28 total
» build order
00:07 Altar of Storms
00:21 Orc Burrow
00:47 Voodoo Lounge
01:57 Stronghold
01:58 Stronghold
02:14 Orc Burrow
04:33 Beastiary
04:34 Beastiary
05:03 Orc Burrow
06:19 Orc Burrow
10:00 Voodoo Lounge
10:03 War Mill
10:11 Orc Burrow
11:21 Great Hall
12:41 Orc Burrow
15:50 Fortress
15:50 Fortress
21:11 Great Hall
26:13 Great Hall
27:01 War Mill
27:26 Orc Burrow
28:43 Great Hall
30:16 Orc Burrow
31:42 Orc Burrow
33:09 Stronghold
35:08 Stronghold
35:09 Stronghold
35:09 Stronghold
» items
| Lesser Clarity Potion | 6 | |
| Healing Salve | 5 | |
| Scroll of Speed | 1 | |
| Potion of Healing | 2 | |
| Scroll of Town Portal | 3 | |
| Orb of Lightning | 1 | |
| Potion of Mana | 2 | |
| Potion of Lesser Invulnerability | 1 | |
21 total
Mr_Plum (
purple | 22 APM | 798 actions | 36:56)
7 Dreadlord
3 Sleep
3 Carrion Swarm
1 Inferno
» actions
| Basic commands | 88 | |
| Build / train | 61 | |
| Enter build submenu | 30 | |
| Enter hero's abilities submenu | 7 | |
| Right click | 207 | |
| Select / deselect | 338 | |
| Use ability | 67 | |
798 total
» units
| Acolyte | 7 | |
| Ghoul | 11 | |
| Frost Wyrm | 16 | |
| Green Dragon | 1 | |
35 total
» upgrades
| Creature Attack | 3 | |
| Creature Carapace | 3 | |
| Freezing Breath | 1 | |
7 total
» buildings
| Crypt | 1 | |
| Altar of Darkness | 1 | |
| Ziggurat | 14 | |
| Tomb of Relics | 1 | |
| Necropolis | 1 | |
| Graveyard | 1 | |
| Halls of the Dead | 1 | |
| Spirit Tower | 3 | |
| Black Citadel | 1 | |
| Sacrificial Pit | 1 | |
| Boneyard | 4 | |
29 total
» build order
00:12 Crypt
00:16 Altar of Darkness
00:29 Ziggurat
01:09 Tomb of Relics
01:22 Ziggurat
04:05 Ziggurat
04:37 Necropolis
05:20 Graveyard
05:57 Halls of the Dead
06:02 Ziggurat
06:04 Ziggurat
06:45 Spirit Tower
07:36 Spirit Tower
07:39 Ziggurat
07:43 Ziggurat
07:46 Ziggurat
07:47 Ziggurat
07:51 Ziggurat
07:52 Ziggurat
08:18 Black Citadel
08:22 Sacrificial Pit
08:54 Spirit Tower
10:53 Boneyard
11:00 Boneyard
11:04 Boneyard
11:09 Boneyard
21:10 Ziggurat
21:13 Ziggurat
21:15 Ziggurat
» items
| Rod of Necromancy | 1 | |
| Orb of Corruption | 1 | |
| Scroll of Town Portal | 2 | |
| Orb of Lightning | 1 | |
| Potion of Healing | 1 | |
6 total
DORN (
yellow | 52 APM | 1603 actions | 30:37)
8 Blademaster
3 Wind Walk
3 Critical Strike
1 Bladestorm
1 Mirror Image
» actions
| Assign group hotkey | 20 | |
| Basic commands | 134 | |
| Build / train | 67 | |
| ESC pressed | 4 | |
| Enter build submenu | 17 | |
| Enter hero's abilities submenu | 8 | |
| Right click | 664 | |
| Select / deselect | 283 | |
| Select group hotkey | 322 | |
| Use ability | 66 | |
1603 total
» units
| Peon | 9 | |
| Grunt | 4 | |
| Tauren | 12 | |
| Shaman | 18 | |
43 total
» upgrades
| Shaman Training | 2 | |
| Armor | 2 | |
| Melee Weapons | 2 | |
| Pulverize | 1 | |
7 total
» buildings
| Altar of Storms | 2 | |
| Orc Burrow | 8 | |
| Barracks | 1 | |
| Stronghold | 1 | |
| Fortress | 1 | |
| Spirit Lodge | 1 | |
| War Mill | 1 | |
| Tauren Totem | 2 | |
| Voodoo Lounge | 2 | |
| Great Hall | 1 | |
20 total
» build order
00:10 Altar of Storms
00:22 Orc Burrow
00:38 Barracks
01:33 Orc Burrow
02:40 Stronghold
04:07 Orc Burrow
05:18 Fortress
05:23 Spirit Lodge
05:26 War Mill
06:15 Orc Burrow
06:53 Orc Burrow
07:45 Tauren Totem
07:46 Tauren Totem
08:39 Orc Burrow
10:03 Voodoo Lounge
14:09 Orc Burrow
15:41 Orc Burrow
19:50 Great Hall
28:07 Altar of Storms
29:23 Voodoo Lounge
» items
| Healing Salve | 3 | |
| Lesser Clarity Potion | 2 | |
| Scroll of Town Portal | 1 | |
6 total
Chat log
(00:02 / All) Alexjones904303: gg
(00:39 / Allies) vinamilk: rush
(00:39 / Allies) BlueJayJK35: rush
(00:41 / Allies) BlueJayJK35: gotta rush
(00:44 / Allies) BlueJayJK35: fuck u blue
(00:45 / Allies) BlueJayJK35: u cunt
(00:52 / Allies) BlueJayJK35: why do ppl do this
(01:12 / Allies) vinamilk: take his expo
(01:24 / Allies) Undead_gryphon: we good oj on other teAM IS tker
(01:24 / Allies) BlueJayJK35: ill take his mine
(01:37 / Allies) Undead_gryphon: wood
(01:49 / Allies) BlueJayJK35: im taking green
(01:51 / Allies) BlueJayJK35: easier for me
(01:53 / Allies) BlueJayJK35: ill feed if needed
(03:43 / 10) LateStarter: If my team wins that means I am a better war3 player than you
(04:09 / Allies) vinamilk: go
(04:48 / All) Alexjones904303: oh look the fag is calling to arms
(04:51 / All) Alexjones904303: such a pussy thing
(04:52 / Allies) vinamilk: wtf u doing teal
(04:54 / Allies) vinamilk: u so stupid
(05:13 / Allies) vinamilk: fuking noob teal does not know how to play
(05:17 / Allies) BlueJayJK35: dude
(05:20 / Allies) BlueJayJK35: shut ur cunt mouth
(05:20 / Allies) LateStarter: repair your tower dude
(05:21 / Allies) BlueJayJK35: fuck u
(05:24 / Allies) vinamilk: u suck
(05:31 / Allies) vinamilk: tp ?
(05:36 / Allies) vinamilk: ur base near me
(06:20 / Allies) LateStarter: I trade wood for gold
(06:26 / Allies) vinamilk: quit please teal so i can control
(06:30 / Allies) LateStarter: 200 gold for 200 wood
(06:37 / Allies) BlueJayJK35: dude
(06:39 / Allies) BlueJayJK35: shut the fuck up
(06:39 / Allies) vinamilk: u here is the same afk
(06:51 / Allies) LateStarter: Gentlemen
(06:56 / Allies) LateStarter: I trade 200 wood for 200 gold
(07:17 / Allies) Undead_gryphon: web
(07:18 / All) LateStarter: Web?
(07:58 / All) LateStarter: look at this coward
(08:31 / All) Alexjones904303: he only plays human for call to arms
(08:43 / All) Alexjones904303: sucks beyond that
(08:45 / All) LateStarter: this dude
(08:46 / Allies) vinamilk: no web wtf
(08:47 / All) LateStarter: doesn't have wb still
(08:48 / All) LateStarter: LOL
(09:02 / All) LateStarter: I remember a game I played on slalom map
(09:14 / All) LateStarter: where faggot didn't get web when everyone had tier 3 air
(09:32 / All) vinamilk: damn teal fuking idiot
(09:39 / All) vinamilk: mass spider no web
(09:46 / Allies) BlueJayJK35: i have it now nigger
(09:48 / Allies) BlueJayJK35: shut the fuck up
(09:50 / All) GRUMPy: Lol
(09:50 / Allies) BlueJayJK35: u r trash too
(09:52 / Allies) BlueJayJK35: what ahve u done
(10:05 / All) vinamilk: lol now he upgrade
(10:09 / All) Alexjones904303: shut up re
(10:10 / All) Alexjones904303: d
(10:12 / All) Alexjones904303: you suck
(10:14 / All) Alexjones904303: call to arms
(10:16 / All) BlueJayJK35: thank u
(10:16 / All) Alexjones904303: bastard
(10:37 / All) Alexjones904303: you would have lost if you were not human
(10:41 / All) Alexjones904303: call to arms saved you fag
(11:05 / All) LateStarter: pink what's your aka
(11:11 / All) Alexjones904303: warcraft 3 patch coming up is nerfing your call to arms bullshit
(11:53 / All) GRUMPy: ouro
(12:15 / Allies) vinamilk: ty
(13:01 / Allies) vinamilk: lol
(13:11 / Allies) BlueJayJK35: dude
(13:15 / Allies) BlueJayJK35: build some fucking units
(13:36 / Allies) BlueJayJK35: wood please
(13:38 / Allies) LateStarter: they might hit left
(13:39 / Allies) BlueJayJK35: i can make frosts
(13:51 / Allies) LateStarter: move peons
(13:56 / Allies) LateStarter: to the trees between us
(14:27 / All) LateStarter: how da fuck the sh catch me
(14:41 / Allies) vinamilk: expo blue
(15:18 / Allies) Undead_gryphon: omw
(15:24 / Allies) vinamilk: no
(15:56 / All) LateStarter: is grumpy kodos aka or just fan
(16:23 / Allies) vinamilk: damn green
(16:25 / Allies) vinamilk: tp inide
(17:07 / Allies) LateStarter: I'll need 100 gold to get tinker again
(17:49 / All) LateStarter: i should have tp staffed to get safety but sitll close enough for exp
(17:50 / Allies) vinamilk: go
(17:53 / Allies) vinamilk: or they rebuild
(18:29 / Allies) Undead_gryphon: b
(18:32 / Allies) Undead_gryphon: b
(18:35 / Allies) vinamilk: fight
(18:37 / Allies) Undead_gryphon: teral
(18:41 / All) GRUMPy: ourple
(19:00 / All) LateStarter: I see a lot of people get cl first and then tech to wyrms
(19:02 / All) LateStarter: why do they do that
(19:06 / Allies) vinamilk: b
(19:14 / All) Alexjones904303: yeah im gay get over it
(19:16 / All) Alexjones904303: hehehehehhehehehehhehe
(19:17 / Allies) Undead_gryphon: b
(19:44 / All) LateStarter: You bested me this time AGJ but only because my team was noob!
(19:52 / All) BlueJayJK35: blue
(19:54 / All) BlueJayJK35: literally
(19:56 / All) BlueJayJK35: has no units
(19:59 / All) BlueJayJK35: was afk
(20:02 / All) GRUMPy: fuck u
(20:04 / All) BlueJayJK35: its 3 on 1
(20:06 / All) GRUMPy: oragne is a faggot
(20:07 / Allies) vinamilk: aa
(20:31 / All) GRUMPy: hall
(20:31 / All) LateStarter: I could have high level tinker right now if I got on other team
(20:55 / All) GRUMPy: wood
(21:17 / Allies) LateStarter: bolt bm
(22:03 / Allies) LateStarter: move those
(22:04 / Allies) LateStarter: ghouls
(22:53 / Allies) LateStarter: get a shade
(23:07 / Allies) BlueJayJK35: good call
(23:09 / Allies) LateStarter: and have it trail your army to kill bm
(23:12 / Allies) BlueJayJK35: kill his gay geri
(23:12 / All) Alexjones904303: yeah get frosts
(23:14 / Allies) BlueJayJK35: heo
(23:32 / Allies) vinamilk: lol
(23:35 / Allies) LateStarter: b
(24:25 / Allies) LateStarter: only focus the bms when they're pretty low health
(24:53 / Allies) vinamilk: hit or theey rebuild
(25:20 / All) LateStarter: gay little faggots
(25:29 / All) LateStarter: they dynamic duo of queers
(25:52 / Allies) vinamilk: he is slow think
(25:58 / Allies) vinamilk: fuking in mid with expo
(26:01 / Allies) vinamilk: slow shit
(26:14 / All) LateStarter: faggots keep hex nuking me
(26:22 / All) LateStarter: I have lowbie hero and no gold
(26:33 / Allies) LateStarter: kill the burrow s
(26:53 / Allies) Undead_gryphon: needf gold for hero
(28:09 / Allies) vinamilk: wood
(28:10 / Allies) Undead_gryphon: wait for mne
(28:51 / Allies) LateStarter: nuke
(28:51 / Allies) LateStarter: sh
(28:52 / Allies) LateStarter: sh
(28:55 / Allies) LateStarter: sh
(28:56 / Allies) LateStarter: sh
(28:57 / Allies) LateStarter: sh
(28:57 / Allies) LateStarter: sh
(28:59 / Allies) Undead_gryphon: almost there
(29:32 / Allies) BlueJayJK35: do we actually have a chance?
(29:57 / Allies) LateStarter: bolt
(30:16 / Allies) Undead_gryphon: need mamna
(30:27 / Allies) LateStarter: al;ways focus hte sh
(30:29 / Allies) LateStarter: beacuse it's weak
(30:31 / Allies) LateStarter: and heals others
(30:47 / All) Alexjones904303: gg
(30:51 / Allies) LateStarter: don't focus hero
(30:51 / All) Alexjones904303: we suck ass
(30:52 / Allies) LateStarter: attack
(30:52 / Allies) LateStarter: the
(30:53 / Allies) LateStarter: wyrms
(31:10 / Allies) Undead_gryphon: heal
(31:23 / Allies) LateStarter: we need aa
(31:36 / All) Alexjones904303: gg
(31:47 / All) Alexjones904303: we suck so much ass gg
(31:49 / Allies) LateStarter: man
(31:52 / Allies) LateStarter: we need an orc or ne
(31:54 / Allies) LateStarter: for fucking heals
(32:02 / Allies) Undead_gryphon: gold
(32:08 / Allies) vinamilk: no mana
(32:21 / Allies) BlueJayJK35: tank
(33:09 / Allies) LateStarter: we need to take out that air
(33:17 / Allies) vinamilk: hawks
(33:19 / Allies) LateStarter: heal?
(33:22 / Allies) BlueJayJK35: want me to do fiends?
(33:26 / Allies) LateStarter: yeah
(33:31 / Allies) BlueJayJK35: over frosts?
(33:35 / Allies) LateStarter: well
(33:38 / Allies) LateStarter: how many frost s can you get
(33:41 / Allies) LateStarter: beacuse if you web
(33:45 / Allies) vinamilk: don't run to my expo
(33:45 / Allies) LateStarter: green can't aa
(33:47 / Allies) BlueJayJK35: 5
(33:51 / Allies) BlueJayJK35: 4 or 5
(33:53 / Allies) LateStarter: wyrms
(34:00 / Allies) LateStarter: but we need to take out yhellow expo
(34:04 / Allies) LateStarter: and fight together
(34:12 / Allies) LateStarter: don't focus hero before the wyrms
(34:15 / Allies) Undead_gryphon: giv me gold
(34:18 / Allies) vinamilk: come
(35:24 / All) vinamilk: gg ?
(35:30 / Allies) Undead_gryphon: think we got it
(35:31 / Allies) LateStarter: anyone got extra gold?
(35:45 / Allies) BlueJayJK35: got my 5th frost coming
(35:54 / Allies) LateStarter: where shade
(36:07 / Allies) BlueJayJK35: idk
(36:09 / Allies) BlueJayJK35: was just with me
(36:14 / Allies) BlueJayJK35: must have gotten killed
(36:16 / Allies) BlueJayJK35: getting others
(36:58 / All) BlueJayJK35: gg
(37:09 / Allies) vinamilk: wood
(37:20 / Allies) vinamilk: ty